 Dungeon Crawl Stone Soup version 0.16.2-12-gd0ad4c3 (webtiles) character file.

421 hannobal the Grave Robber (level 6, -15/43 HPs)
             Began as a Mummy Necromancer on Oct 4, 2015.
             Demolished by Prince Ribbit (17 damage)
             ... on level 4 of the Dungeon.
             The game lasted 00:16:30 (5262 turns).

hannobal the Grave Robber (Mummy Necromancer)       Turns: 5262, Time: 00:16:30

Health: -15/43     AC:  8    Str: 12    XL:     6   Next: 62%
Magic:  6/13       EV: 12    Int: 15    God:
Gold:   191        SH:  0    Dex: 12    Spells: 4 memorised, 3 levels left

rFire  x . .     SeeInvis .     b - +1 shortbow (flame)
rCold  + . .     Clarity  .     k - +0 robe
rNeg   + + +     SustAb   .     (no shield)
rPois  ∞         Gourm    .     i - +2 helmet
rElec  .         Spirit   .     (no cloak)
rCorr  .         Warding  .     c - +1 pair of gloves
rMut   .         Stasis   .     q - +0 pair of boots
MR     .....                    (no amulet)
Stlth  ++........               (no ring)
                                (no ring)

@: about to teleport, not resistant to hostile enchantments, unstealthy
A: no food or potions, fire vulnerability, restore body, cold resistance 1,
negative energy resistance 3, poison resistance, torment resistance, unbreathing
a: no special abilities


You were on level 4 of the Dungeon.
You were not hungry.

You visited 1 branch of the dungeon, and saw 5 of its levels.

You collected 191 gold pieces.

Inventory:

Hand weapons
 a - a +0 quarterstaff
 b - a +1 shortbow of flaming (weapon)
 t - a +0 blowgun
 u - a +0 hunting sling
 x - a +0 trident
Missiles
 e - 8 javelins
 f - 21 sling bullets
 g - 37 poisoned needles
 h - 140 stones
 j - 35 arrows (quivered)
 l - 14 bolts
 o - 19 arrows of frost
 v - 3 tomahawks
Armour
 c - a +1 pair of gloves (worn)
 d - a +0 ring mail
 i - a +2 helmet (worn)
 k - a +0 robe (worn)
 q - a +0 pair of boots (worn)
 r - a +0 scale mail of cold resistance
 s - a +0 leather armour
 w - a cursed -2 scale mail
Magical devices
 p - a wand of enslavement (9)
Books
 n - a book of Necromancy

   Spells                             Type                      Level
   a - Pain                           Necromancy                   1
   b - Animate Skeleton               Necromancy                   1
   c - Vampiric Draining              Necromancy                   3
   d - Regeneration                   Charms/Necromancy            3
   e - Animate Dead                   Necromancy                   4
   f - Control Undead                 Necromancy                   4


   Skills:
 - Level 1.0 Fighting
 - Level 1.5 Dodging
 - Level 1.5 Stealth
 + Level 3.8 Spellcasting
 - Level 7.0 Necromancy
 - Level 0.1 Evocations


You had 3 spell levels left.
You knew the following spells:

 Your Spells              Type           Power        Failure   Level  Hunger
a - Animate Skeleton      Necr           N/A          1%          1    N/A
b - Vampiric Draining     Necr           ###.......   3%          3    N/A
d - Animate Dead          Necr           N/A          14%         4    N/A
z - Pain                  Necr           ###.         1%          1    N/A

Dungeon Overview and Level Annotations

Branches:
Dungeon (5/15)
 Temple: D:4-7

Altars:

Annotations:
D:4 Prince Ribbit


Innate Abilities, Weirdness & Mutations

You do not eat or drink.
Your flesh is vulnerable to fire.
Your flesh is cold resistant.
You are immune to negative energy.
Your system is resistant to poisons.
You are immune to unholy pain and torment.
You can survive without breathing.


Message History

The worker ant convulses in agony!
You kill the worker ant!
Prince Ribbit hits your rat zombie!
Your rat zombie is destroyed!
Your quokka zombie misses Prince Ribbit.
The ogre hits you with a giant club!!
Ouch! That really hurt!
* * * LOW HITPOINT WARNING * * *
Prince Ribbit closely misses your quokka zombie.
Prince Ribbit momentarily phases out as your quokka zombie's attack passes through him.
Prince Ribbit hits your kobold skeleton!
Your kobold skeleton is destroyed!
Prince Ribbit blinks!
The iguana barely misses your gnoll zombie.
Read which item? (? for menu, Esc to quit)
As you read the scroll of teleportation, it crumbles to dust.
You feel strangely unstable.
Your quokka zombie bites the iguana but does no damage.
Prince Ribbit hits you!
You die...

#......... ..##
##......Z.
....##.....####
#.........## #
.##########........#
.....≈....####.....Z#
............####...Z.#
....................##
......).O@..........#
..(.....lZF.........##
...§...Z.†.......####
..§§§≈≈§≈§.......#
..≈§####§≈......# ..§
##≈......# ## .
#≈......# ###.
#≈.§...≈# ##...
#≈......# ##..>.


You could see Prince Ribbit, an ogre, an iguana, a friendly quokka zombie and a
friendly gnoll zombie.

Vanquished Creatures
  A centaur (D:5)
  An orc wizard (D:3)
  An orc priest (D:3)
  A worker ant (D:4)
  3 gnolls (D:4)
  5 adders
  A shadow imp (D:5)
  3 worms (D:3)
  A giant gecko (D:3)
  8 orcs
  2 bat skeletons
  5 giant cockroaches
  6 hobgoblins
  4 jackals
  9 kobolds
  8 bats
  5 giant newts
  8 goblins
  2 quokkas
  12 rats
86 creatures vanquished.

Vanquished Creatures (collateral kills)
  A giant frog (D:5)
  A crimson imp (D:5)
  An orc (D:3)
  A quokka (D:3)
4 creatures vanquished.

Vanquished Creatures (others)
  An adder skeleton (D:3)
  2 giant cockroach zombies (D:3)
  A giant newt zombie (D:3)
  A kobold skeleton (D:4)
  2 orc zombies (D:3)
  A rat zombie (D:4)
8 creatures vanquished.

Grand Total: 98 creatures vanquished

Notes
Turn   | Place    | Note
--------------------------------------------------------------
     0 | D:1      | hannobal, the Mummy Necromancer, began the quest for the Orb.
     0 | D:1      | Reached XP level 1. HP: 13/13 MP: 3/3
     2 | D:1      | Learned a level 1 spell: Animate Skeleton
   255 | D:1      | You fall through a shaft!
   412 | D:2      | Reached XP level 2. HP: 10/19 MP: 0/5
   971 | D:1      | Reached XP level 3. HP: 24/24 MP: 5/7
  1456 | D:1      | Reached skill level 1 in Fighting
  2335 | D:2      | Learned a level 3 spell: Vampiric Draining
  2374 | D:2      | Reached XP level 4. HP: 32/32 MP: 6/9
  2685 | D:3      | You fall through a shaft for 2 floors!
  2685 | D:5      | Entered Level 5 of the Dungeon
  2699 | D:5      | Noticed a centaur
  2707 | D:5      | Killed a centaur
  2707 | D:5      | Reached skill level 5 in Necromancy
  2707 | D:5      | Reached XP level 5. HP: 27/37 MP: 3/11
  2851 | D:5      | Noticed a giant frog
  2858 | D:5      | Killed a giant frog
  2858 | D:5      | Reached skill level 6 in Necromancy
  2865 | D:5      | Learned a level 4 spell: Animate Dead
  3257 | D:3      | Reached XP level 6. HP: 43/43 MP: 2/13
  4974 | D:4      | Reached skill level 7 in Necromancy
  5248 | D:4      | Noticed Prince Ribbit
  5252 | D:4      | Noticed an ogre
  5259 | D:4      | HP: 2/43 [ogre/giant club (24)]
  5262 | D:4      | Demolished by Prince Ribbit

Action                   |  1- 3 |  4- 6 || total
-------------------------+-------+-------++-------
Melee: Long sword        |     5 |     1 ||     6
       Whip              |     1 |       ||     1
       Trident           |       |     1 ||     1
 Fire: Shortbow          |       |    13 ||    13
Throw: Stone             |     1 |       ||     1
 Cast: Pain              |    61 |   126 ||   187
       Animate Skeleton  |     4 |     2 ||     6
       Animate Dead      |       |    16 ||    16
Evoke: Wand              |     1 |       ||     1
  Use: Scroll            |     7 |     4 ||    11
